Map: Acid Plant LE

Players

Sbam

  • Race: Terran Terran
  • League: Gold
  • Spawn Location: 11:00

Swatopluke - Winner!

  • Race: Protoss Protoss
  • League: Platinum
  • Spawn Location: 5:00

VOD

Have the link to the VOD?

Description

Time

  • Played on: Nov. 13, 2018, 4:19 p.m.
  • Length: 12:39
Show
View Real Time Build Order
Export as new Build Order

Sbam Terran 

Build Orders: Reaper Expand 

Get SALT Encoding   

  12  0:00  SCV  
  13  0:13  SCV  
  14  0:17  Supply Depot  
  14  0:25  SCV  
  15  0:39  SCV  
  15  0:40  Barracks  
  16  0:45  Refinery  
  16  0:51  SCV  
  17  1:03  SCV  
  18  1:15  SCV  
  19  1:29  Reaper, Orbital Command  
  20  1:43  Command Center  
  20  1:51  Barracks  
  20  1:55  SCV  
  21  2:07  SCV, Barracks Reactor  
  22  2:13  Supply Depot  
  22  2:19  SCV  
  23  2:25  Barracks  
  23  2:40  Barracks Tech Lab  
  23  2:42  SCV  
  23  2:43  Marine x2  
  26  2:45  Bunker  
  26  2:51  Engineering Bay  
  26  2:59  Stimpack  
  26  3:00  Marine  
  26  3:01  Marine  
  27  3:09  Marine  
  28  3:13  Orbital Command  
  28  3:19  Barracks Tech Lab  
  27  3:23  Terran Infantry Weapons Level 1  
  26  3:29  Marine x2  
  26  3:30  Marine  
  29  3:46  Refinery  
  29  3:47  Marauder  
  29  3:48  Concussive Shells  
  31  3:52  SCV  
  33  3:56  Orbital Command  
  30  4:04  Marine x2, Marauder  
  30  4:08  Supply Depot  
  33  4:20  Marauder, Orbital Command  
  33  4:24  Marine x2  
  37  4:34  Marauder  
  37  4:37  Combat Shield  
  39  4:40  SCV  
  37  5:00  Marauder x2  
  32  5:17  SCV x2  
  32  5:20  Marine  
  35  5:21  Refinery  
  35  5:26  Marine  
  35  5:27  Marine  
  37  5:29  SCV x2  
  39  5:36  Marauder  
  39  5:38  Marine  
  39  5:41  SCV  
  45  5:50  Marauder, Marine, Factory  
  45  5:53  SCV  
  47  5:57  SCV  
  47  6:03  Marauder  
  50  6:05  SCV  
  51  6:34  Marine, Marauder  
  51  6:35  Factory Tech Lab  
  51  6:39  Marine  
  54  6:40  Starport  
  54  6:42  Supply Depot  
  54  6:43  Supply Depot  
  54  6:50  Supply Depot  
  54  6:52  Supply Depot  
  54  7:04  Marauder x2, SCV x2  
  60  7:08  Marine x2  
  60  7:11  Factory Reactor  
  61  7:16  SCV  
  62  7:25  Marauder  
  50  7:40  Marine x2  
  50  7:41  Marauder  
  50  7:42  SCV x2  
  53  7:57  Missile Turret  
  53  7:59  Marauder, Marine x2  
  53  8:00  SCV  
  53  8:01  SCV  
  59  8:11  Marauder  
  61  8:13  SCV x2  
  61  8:19  Missile Turret  
  63  8:25  Marine x2, Marauder  
  69  8:34  Medivac, Siege Tank  
  69  8:35  Medivac  
  73  8:42  Marauder  
  75  8:48  SCV x2  
  77  8:58  Terran Infantry Armor Level 1  
  77  8:59  Marine x2, Marauder  
  76  9:16  Marauder  
  78  9:17  Medivac, Siege Tank  
  78  9:18  Medivac  
  85  9:32  Marine  
  86  9:53  Marine x2, Marauder  
  86  9:55  Marauder  
  66  10:11  Marine  
  63  10:15  Marauder  
  63  10:16  Marauder  
  56  10:34  Marine x2  
  53  10:36  Marauder  
  55  10:46  Marauder  
  55  10:47  Medivac x2  
  61  10:52  Marine x2  
  63  10:58  Marauder  
  63  11:07  Marine  
  64  11:11  Marine x2  
  66  11:18  SCV  
  66  11:19  SCV  
  66  11:24  Marine x2  
  70  11:30  Marine x2  
  72  11:39  SCV x2  
  74  11:42  Marauder  
  74  11:44  Supply Depot  
  74  11:45  Marine, Supply Depot  
  74  11:46  Supply Depot  
  77  11:48  Marine x2  
  79  11:57  SCV x2  
  81  12:03  Marine x2  
Show
View Real Time Build Order
Export as new Build Order

Swatopluke Protoss - Winner!

Build Orders:  

Get SALT Encoding   

  12  0:00  Probe  
  13  0:13  Probe  
  14  0:17  Pylon  
  14  0:25  Probe  
  15  0:35  Gateway  
  15  0:37  Probe  
  16  0:45  Probe  
  16  0:46  Assimilator  
  17  0:59  Probe, Gateway  
  18  1:11  Probe  
  19  1:14  Assimilator  
  19  1:23  Probe  
  19  1:24  Cybernetics Core  
  20  1:33  Pylon  
  20  1:35  Probe  
  21  1:47  Probe  
  21  1:50  Warp Gate  
  21  1:51  Stalker  
  22  2:01  Stalker  
  26  2:06  Probe  
  27  2:20  Robotics Facility  
  27  2:21  Probe  
  28  2:28  Stalker  
  30  2:36  Pylon  
  30  2:41  Probe  
  31  2:54  Stalker  
  31  2:56  Pylon  
  35  3:09  Immortal  
  37  3:33  Probe  
  38  3:43  Nexus  
  38  3:45  Probe  
  39  4:07  Stalker x2  
  43  4:10  Immortal  
  47  4:26  Gateway  
  47  4:42  Pylon  
  47  4:44  Assimilator  
  47  4:49  Pylon  
  33  5:18  Stalker x2  
  33  5:19  Probe x2  
  37  5:26  Gateway  
  37  5:31  Probe x2  
  39  5:38  Stargate  
  39  5:41  Immortal  
  43  5:43  Probe x2  
  43  5:47  Shield Battery  
  45  5:53  Probe  
  45  5:55  Probe  
  45  5:56  Twilight Council  
  46  6:03  Zealot  
  49  6:09  Zealot  
  51  6:15  Zealot  
  53  6:23  Oracle  
  56  6:26  Zealot  
  58  6:35  Charge  
  58  6:43  Zealot x2  
  62  6:47  Immortal  
  66  6:54  Probe x2  
  66  6:56  Zealot  
  70  7:06  Probe x2  
  72  7:13  Zealot x3  
  78  7:24  Pylon  
  78  7:25  Pylon  
  66  7:31  Probe x2  
  66  7:32  Zealot  
  66  7:48  Probe x2  
  66  7:50  Phoenix, Immortal  
  74  7:51  Zealot x3  
  74  7:57  Zealot  
  82  8:00  Probe x2  
  82  8:03  Assimilator  
  84  8:19  Zealot x4  
  87  8:42  Zealot  
  87  8:43  Zealot x2  
  93  8:50  Pylon  
  93  8:51  Pylon  
  93  8:52  Probe  
  93  8:53  Pylon  
  94  9:01  Nexus  
  90  9:13  Adept x4  
  98  9:19  Probe x2  
  100  9:29  Templar Archives  
  101  9:31  Probe x2  
  101  9:35  Assimilator  
  101  9:36  Zealot x2  
  106  9:40  Assimilator  
  106  9:43  Probe  
  106  9:44  Pylon  
  109  9:46  Pylon, Immortal  
  109  9:50  Pylon  
  77  10:28  Zealot x4  
  67  10:30  Immortal  
  75  10:49  Zealot x4  
  83  10:50  Psionic Storm  
  83  11:11  High Templar x4  
  81  11:14  Immortal  
  81  11:18  Phoenix  
  89  11:22  Probe x2  
  89  11:23  Probe  
  91  11:26  Gateway  
  91  11:28  Gateway  
  91  11:30  Probe  
  91  11:31  Probe  
  91  11:32  Probe  
  92  11:38  Archon x2  
  95  11:43  High Templar x3  
  95  11:44  High Templar  
  103  11:53  Phoenix, Immortal  
  109  11:58  Probe x2  
  109  11:59  Probe  
  109  12:00  Gateway  
  112  12:02  Gateway  
Tags
 
Matchup
PvT
Replay Pack
Swatopluke
Spawn Locations
Cross Positions
Add a new tag
Caveats
  • Supply blocks, unpowered buildings, or Contaminate may cause inaccurate times.
  • Supply counts are checked every 10 seconds.